 Dungeon Crawl Stone Soup version 0.32-a0-630-g46d191b0ed (webtiles) character file.

Game seed: 11519793865104880078

315 BubbleThief the Changeling (level 6, -6/47 HPs)
             Began as a Merfolk Shapeshifter on Mar 7, 2024.
             Mangled by a gnoll
             ... wielding a +0 flail
              (14 damage)
             ... on level 4 of the Dungeon.
             The game lasted 00:04:04 (3095 turns).

BubbleThief the Changeling (Merfolk Shapeshifter)   Turns: 3095, Time: 00:04:04

Health: -6/47      AC:  2    Str: 16    XL:     6   Next: 44%
Magic:  6/6        EV: 13    Int: 10    God:
Gold:   63         SH:  0    Dex: 13    Spells: 5/5 levels left

rFire   . .          .
                       - Unarmed
rCold   . . .        (no shield)
rNeg    . . .        a - +0 animal skin
rPois   .            (helmet currently unavailable)
rElec   .            (cloak currently unavailable)
rCorr   .            (gloves currently unavailable)
SInv    +            (boots currently unavailable)
Will    .....        t - amulet of the acrobat
Stlth   +            j - ring of see invisible
HPRegen 0.27/turn    (no ring)
MPRegen 0.10/turn

%: acrobat
@: beast-form
A: beast (slay +3), (nimble swimmer 2), mertail
a: Begin Untransformation


You were on level 4 of the Dungeon.
You were a hulking beast.
You visited 1 branch of the dungeon, and saw 4 of its levels.

You collected 303 gold pieces.
You spent 240 gold pieces at shops.

Inventory:

Armour
 a - a +0 animal skin (worn)
 e - a +0 pair of gloves
 u - a +0 pair of boots
Jewellery
 j - a ring of see invisible (left hand)
 t - an amulet of the acrobat (around neck)
Talismans
 c - a beast talisman (active)
 d - a flux talisman
Scrolls
 f - a scroll of fear {unknown}
 h - a scroll of revelation {unknown}
 l - a scroll of noise {unknown}
 o - 3 scrolls of teleportation {unknown}
 p - a scroll of enchant armour {unknown}
 q - a scroll of vulnerability {unknown}
Potions
 b - a potion of lignification
 g - a potion of berserk rage {unknown}
 i - a potion of brilliance {unknown}
 k - 2 potions of invisibility {unknown}
 m - a potion of attraction {unknown}
 n - 2 potions of curing
 r - a potion of heal wounds
 s - 2 potions of mutation


   Skills:
 + Level 3.4 Fighting
 + Level 4.8 Dodging
 + Level 4.7 Unarmed Combat
 + Level 5.5 Shapeshifting


You had 5 spell levels left.
You didn't know any spells.
Your spell library was empty.

Dungeon Overview and Level Annotations

Branches:
Dungeon (4/15)
 Temple: D:4-7

Altars:
Zin
The Shining One

Shops:
D:3 !


Innate Abilities, Weirdness & Mutations

You are a hulking beast.
Your limbs bulge with bestial killing power. (Slay +3)
((You are very nimble when in or above water. (Stealth+, EV+, Speed+++)))
Your lower body shifts to a powerful aquatic tail in water.


Message History

You hit the gnoll.
The gnoll is heavily wounded.
A gnoll comes into view. It is wielding a +0 club.
The gnoll hits you with a +0 halberd!
The gnoll shouts!
You punch the gnoll!
You kill the gnoll!
You hit the ball python.
The ball python is heavily wounded.
The ball python bites you. The ball python grabs you.
The ball python constricts you.
You hit the ball python.
You kill the ball python!
You hit the gnoll but do no damage. You punch the gnoll, but do no damage.
The gnoll closely misses you.
You punch the gnoll!
The gnoll is almost dead.
The gnoll hits you with a +0 flail!
You hit the gnoll.
The gnoll is almost dead.
The gnoll hits you with a +0 flail.
You are too injured to fight recklessly!
You are too injured to fight recklessly!
You punch the gnoll!
You kill the gnoll!
The gnoll completely misses you.
Things that are here:
a +0 flail; a +0 halberd You hit the gnoll.
The gnoll is lightly wounded.
The gnoll hits you with a +0 club!
* * * LOW HITPOINT WARNING * * *
You barely miss the gnoll.
The gnoll is lightly wounded.
The gnoll hits you with a +0 club.
* * * LOW HITPOINT WARNING * * *
You punch the gnoll!
You kill the gnoll!
The gnoll hits you with a +0 flail!
You die...

## .# .# #. .# ##.
.### # .. ... #.#.
######g######
#.#.##....h)^.....
#.......#####.####
###...........#
##.####...... #.#
...... #.# .....
#.# .>... #.# ##+#
#<#


You could see a gnoll.

Vanquished Creatures
  2 phantoms
  A bombardier beetle (D:3)
  A hound (D:4)
  3 gnolls (D:4)
  2 adders
  A ribbon worm (D:3)
  2 dart slugs (D:1)
  6 endoplasms
  8 giant cockroaches
  6 goblins
  2 hobgoblins
  2 jackals (D:2)
  4 quokkas
  4 ball pythons
  5 bats
  4 frilled lizards
  9 kobolds
  6 rats
68 creatures vanquished.

Notes
Turn   | Place    | Note
-------+----------+-------------------------------------------
     0 | D:1      | BubbleThief the Merfolk Shapeshifter began the quest for
                  | the Orb.
     0 | D:1      | Reached XP level 1. HP: 15/15 MP: 1/1
   146 | D:1      | Reached XP level 2. HP: 21/21 MP: 2/2
   464 | D:1      | Found a faded altar of an unknown god.
   481 | D:1      | Reached XP level 3. HP: 27/27 MP: 3/3
  1752 | D:2      | Reached XP level 4. HP: 33/33 MP: 4/4
  1939 | D:3      | Found a glowing golden altar of the Shining One.
  1970 | D:3      | Found a glowing silver altar of Zin.
  2317 | D:3      | Found Ygag's Distillery.
  2324 | D:3      | Bought a potion of curing for 30 gold pieces
  2324 | D:3      | Bought a potion of heal wounds for 50 gold pieces
  2324 | D:3      | Bought 2 potions of mutation for 160 gold pieces
  2622 | D:4      | Noticed a phantom
  2633 | D:4      | Killed a phantom
  2634 | D:4      | Reached skill level 5 in Shapeshifting
  2634 | D:4      | Reached XP level 5. HP: 21/40 MP: 5/5
  2806 | D:4      | Noticed a phantom
  2889 | D:3      | Killed a phantom
  2890 | D:3      | Reached XP level 6. HP: 32/47 MP: 6/6
  3095 | D:4      | Mangled by a gnoll

Illustrated notes

Levels and vault maps discovered:
D:1:      dpeg_arrival_tiny_f, layout_loops_ring, shapermc_ecumenical_altar_gd
D:2:      kb_forest_paths, layout_basic
D:3:      layout_rooms, mainiacjoe_overflow_catch_the_wave, serial_shops,
          nicolae_shop_trees
D:4:      layout_basic, kennysheep_generic_room_9

Skill      XL: |  1  2  3  4  5 |
---------------+----------------+-----
Dodging        | 3 4 |  4.8
Fighting       | 2 3 |  3.4
Unarmed Combat | 4 |  4.7
Shapeshifting  | 5 |  5.5

Action                     |  1- 3 |  4- 6 || total
---------------------------+-------+-------++-------
  Melee: Unarmed           |   109 |    90 ||   199
         Punch             |     3 |     4 ||     7
   Stab: Sleeping          |       |     2 ||     2
 Armour: Animal skin       |    36 |    49 ||    85
  Dodge: Dodged            |    63 |    45 ||   108

Table legend: (Time is in decaauts)
 A = Elapsed time spent in this place.
 B = Non-inter-level travel time spent in this place.
 C = Inter-level travel time spent in this place.
 D = Time resting spent in this place.
 E = Time spent auto-exploring this place.
 F = Levels seen in this place.
 G = Mean time per level.
                   A        B        C        D        E       F      G
               +--------+--------+--------+--------+--------+-----+--------+
         Total |   3081 |   3014 |     67 |     48 |   2442 |   4 |  770.2 |
       Dungeon |   3081 |   3014 |     67 |     48 |   2442 |   4 |  770.2 |
               +--------+--------+--------+--------+--------+-----+--------+

Top non-repeatable levels by time:
     D:2: 1090 daAuts
     D:1: 811 daAuts
     D:3: 740 daAuts
     D:4: 438 daAuts
